 Dungeon Crawl Stone Soup version bcrawl-1.27.8b (webtiles) character file.

Game seed: 14472553622055263315

126112 Finra the Cudgeler (level 3, 23/23 HPs)
             Began as a Gargoyle Fighter on Oct 28, 2020.
             Got out of the dungeon alive.
             The game lasted 00:02:25 (1210 turns).

Finra the Cudgeler (Gargoyle Fighter)               Turns: 1210, Time: 00:02:26

Health: 23/23      AC: 10    Str: 20    XL:     3   Next: 72%
Magic:  3/3        EV:  5    Int:  8    God:
Gold:   84         SH:  9    Dex:  9    Spells: 2/2 levels left

rFire    . . .     SeeInvis .   a - +0 flail
rCold    . . .     Gourm    .   c - +0 medium shield
rNeg     + . .     Faith    .   b - +0 scale mail
rPois    ∞         Spirit   .   (no helmet)
rElec    +         Reflect  .   (no cloak)
rCorr    .         Harm     .   (no gloves)
MR       .....                  (no boots)
Stlth    ..........             (no amulet)
HPRegen  0.07/turn              (no ring)
MPRegen  0.08/turn              (no ring)

@: no status effects
A: negative energy resistance 1, electricity resistance, unbreathing,
petrification resistance, rot immunity, AC +3
a: no special abilities


You escaped.
You were hungry.

You visited 1 branch of the dungeon, and saw 2 of its levels.

You collected 84 gold pieces.

Inventory:

Hand Weapons
 a - a +0 flail (weapon)
Armour
 b - a +0 scale mail (worn)
 c - a +0 medium shield (worn)
Scrolls
 f - a scroll of remove curse {unknown}
 g - 3 scrolls of identify
 j - a scroll of enchant weapon {unknown}
 l - a scroll of blinking {unknown}
Potions
 d - a potion of might
 h - a potion of curing {unknown}
 i - a potion of resistance {unknown}
 m - a potion of brilliance {unknown}
Comestibles
 e - 4 rations {!d}


   Skills:
 - Level 3.2 Fighting
 * Level 4.0 Maces & Flails
 - Level 3.2 Armour
 - Level 3.2 Shields


You had 2 spell levels left.
You didn't know any spells.
Your spell library was empty.

Dungeon Overview and Level Annotations

Branches:
Dungeon (2/12)

Altars:


Innate Abilities, Weirdness & Mutations

You are resistant to torment.
Your stone body is resilient. (AC +3)
You are immune to poison.
You resist negative energy. (rN+)
You are resistant to electric shocks. (rElec)
You can survive without breathing.
You are immune to petrification.
You are immune to rotting.


Message History

You hit the kobold.
The kobold is severely wounded.
The kobold hits you with a cursed -2 blowgun.
You thump the kobold!
You kill the kobold!
Your Maces & Flails skill increases to level 4!
Things that are here:
a cursed -2 blowgun; 9 poisoned needles
Things that are here:
a cursed -2 blowgun; 9 poisoned needles You can't go up here!
You swing at nothing.
There is a stone staircase leading up here.
You climb upwards.
There is a stone staircase leading down here.
HP restored.
You see here a kobold skeleton.
There is a staircase leading out of the dungeon here.
Are you sure you want to leave the Dungeon?
This will make you lose the game!
You have escaped!

#.# #...####.######.# #.# #.#
#.###.......###.# ###.[ #.#
#.......⌠.......# #.... #.#
####..⌠...⌠..#### #.#.. #.#
##.......## #.#.# #.# ##..⌠..##
#.#.# #.# ##...## #.#.# #.#
####...#### #.#.# #.#
#######....@....########.#.# #.#
#.....................##.#.# #.#
#..⌠....⌠.....⌠....⌠..#....#
##.###.....⌠....#....⌠...(.##.###
....###..⌠....#####)...⌠..###....
.....###....### ###....##.#####
.......##>### ###>###.## #
.....###### ####...#### ....##
#.# #.÷......


There were no monsters in sight!

Vanquished Creatures
  An ooze (D:1)
  3 dart slugs (D:1)
  2 leopard geckos (D:1)
  A ball python (D:1)
  A giant cockroach (D:1)
  3 goblins (D:1)
  4 hobgoblins (D:1)
  5 jackals (D:1)
  5 kobolds
  3 bats (D:1)
  3 frilled lizards (D:1)
  3 rats (D:1)
34 creatures vanquished.

Notes
Turn   | Place    | Note
-------+----------+-------------------------------------------
     0 | D:1      | Finra the Gargoyle Fighter began the quest for the Orb.
     0 | D:1      | Reached XP level 1. HP: 14/14 MP: 1/1
    62 | D:1      | Reached XP level 2. HP: 13/19 MP: 2/2
   239 | D:1      | Reached skill level 3 in Maces & Flails
   387 | D:1      | Reached XP level 3. HP: 20/23 MP: 3/3
   863 | D:1      | Upgraded the game from bcrawl-1.27.3 to bcrawl-1.27.8b
  1133 | D:2      | Reached skill level 4 in Maces & Flails
  1210 | D:$      | Got out of the dungeon alive.

Skill      XL: |  1  2  3 |
---------------+----------+-----
Maces & Flails | 3 4 |  4.0
Fighting       | |  3.2
Armour         | |  3.2
Shields        | |  3.2

Action                   || total
-------------------------++-------
Melee: Flail             ||   163
  Eat: Chunk             ||     6
Armor: Scale mail        ||    94
Dodge: Dodged            ||    48
Block: Medium shield     ||    79
